 Dungeon Crawl Stone Soup version 0.30-a0-528-g8c47a4955b (webtiles) character file.

Game seed: 11812170295110119298

11902 jlumianski the Cleaver (level 11, -1/88 (90) HPs)
             Began as a Demonspawn Fighter on Dec 24, 2022.
             Was a Priest of Qazlal.
             Killed from afar by a gargoyle (24 damage)
             ... with a stone arrow
             ... on level 11 of the Dungeon.
             The game lasted 00:37:46 (10548 turns).

jlumianski the Cleaver (Demonspawn Fighter)        Turns: 10548, Time: 00:37:47

HP:   -1/88 (90)    AC: 33    Str: 26    XL:     11   Next: 55%
MP:   15/15         EV:  7    Int:  9    God:    Qazlal [***...]
Gold: 448           SH: 11    Dex: 13    Spells: 10/10 levels left

rFire   + . .      SeeInvis +    G - +4 war axe of the Green God {speed, rC+ Str+5}
rCold   + + .      Faith    +    c - +1 buckler
rNeg    . . .      Spirit   .    l - +0 plate armour
rPois   .          Reflect  .    P - +2 hat {SInv}
rElec   .          Harm     .    (no cloak)
rCorr   .          Rampage  .    r - +2 pair of gloves
Will    .....                    v - +2 pair of boots Stlth
                                 q - amulet of faith
HPRegen 0.34/turn                g - ring of protection from cold
MPRegen 0.28/turn                K - ring of protection from fire

@: sanguine armoured, studying Unarmed Combat, lightly drained
A: antennae 1, magic regeneration, sanguine armour 3
a: Renounce Religion, Upheaval, Elemental Force


You were on level 11 of the Dungeon.
You worshipped Qazlal.
Qazlal was most pleased with you.
You visited 2 branches of the dungeon, and saw 13 of its levels.

You collected 630 gold pieces.
You spent 182 gold pieces at shops.

Inventory:

Hand Weapons
 a - a +1 war axe
 y - a +0 trident
 C - a +0 dagger
 G - the +4 war axe of the Green God (weapon) {speed, rC+ Str+5}
   (You found it on level 7 of the Dungeon)

   Attacks with this weapon are significantly faster.
   Str:       It affects your strength (+5).
   rC:        It protects you from cold.
Missiles
 d - 2 curare-tipped darts
 e - 95 stones
 j - 8 poisoned darts (quivered)
 m - 2 boomerangs
Armour
 b - a +0 scale mail
 c - a +1 buckler (worn)
 k - a +0 chain mail of fire resistance
 l - a +0 plate armour (worn)
 r - a +2 pair of gloves (worn)
 v - a +2 pair of boots (worn)
 w - a +1 helmet
 A - a +1 hat
 L - +0 acid dragon scales
 O - a +0 cloak
 P - a +2 hat of see invisible (worn)
Magical Staves
 n - a staff of earth
 s - a staff of air
 u - a staff of poison
Jewellery
 g - a ring of protection from cold (left hand)
 q - an amulet of faith (around neck)
 H - a ring of see invisible
 K - a ring of protection from fire (right hand)
Wands
 M - a wand of charming (3)
 N - a wand of roots (6)
Scrolls
 i - a scroll of enchant weapon
 B - a scroll of magic mapping
 E - 2 scrolls of brand weapon {unknown}
 I - 4 scrolls of teleportation
 J - 2 scrolls of immolation
Potions
 f - a potion of lignification
 h - 2 potions of mutation
 o - 5 potions of degeneration
 p - 3 potions of attraction
 t - 4 potions of curing
 x - 2 potions of brilliance
 z - a potion of invisibility
 D - a potion of magic
 F - 2 potions of heal wounds


   Skills:
 * Level 10.1 Fighting
 + Level 11.1 Axes
 + Level 1.9 Throwing
 + Level 6.9 Armour
 + Level 0.4 Dodging
 + Level 6.1 Shields
 * Level 5.9 Invocations


You had 10 spell levels left.
You didn't know any spells.
Your spell library contained the following spells:

 Spells                   Type           Power      Damage    Failure   Level
 Necrotise                Necr           0%         1d4       99%         1
 Blink                    Tloc           0%         N/A       100%        2
 Ensorcelled Hibernation  Hex/Ice        0%         N/A       100%        2
 Passwall                 Tmut/Erth      0%         N/A       100%        2
 Swiftness                Air            0%         N/A       100%        3
 Vampiric Draining        Necr           0%         2d6       100%        3
 Manifold Assault         Tloc           0%         N/A       100%        4
 Agony                    Necr           0%         N/A       100%        5
 Storm Form               Tmut/Air       0%         N/A       100%        7


Dungeon Overview and Level Annotations

Branches:
Dungeon (12/15)            Temple (1/1) D:5
   Lair: D:8-11         Orc: D:9-12

Altars:
Ashenzari
Cheibriados
Fedhas
Gozag
Kikubaaqudgha
Makhleb
Qazlal
Sif Muna
Uskayaw
Vehumet
Wu Jian
Xom
Yredelemnul

Shops:
D:8 (   D:10 [

Annotations:
D:8 exclusion: orange crystal statue


Innate Abilities, Weirdness & Mutations

You have a pair of small antennae on your head.
You regenerate magic rapidly.
When seriously injured, your blood forms very thick armour. (AC +12)


Message History

The gargoyle is severely damaged.
You hit the gargoyle but do no damage.
The gargoyle is severely damaged.
The gargoyle barely misses you.
You barely miss the gargoyle.
The gargoyle is severely damaged.
The gargoyle hurls a stone arrow at you.
You block the stone arrow.
You hit the gargoyle but do no damage.
The gargoyle is severely damaged.
You hit the gargoyle.
The gargoyle is severely damaged.
You block the gargoyle's attack.
You barely miss the gargoyle.
The gargoyle is severely damaged.
The gargoyle hits you with a +0 flail of draining!
You feel drained.
You hit the gargoyle but do no damage.
The gargoyle is severely damaged.
You hit the gargoyle but do no damage.
The gargoyle is severely damaged.
The gargoyle hurls a stone arrow at you.
You block the stone arrow.
You barely miss the gargoyle.
The gargoyle is severely damaged.
The gargoyle hurls a stone arrow at you.
The stone arrow hits you!
* * * LOW HITPOINT WARNING * * *
You hit the gargoyle.
The gargoyle is severely damaged.
The gargoyle hurls a stone arrow at you.
The stone arrow hits you but does no damage.
You hit the gargoyle.
The gargoyle is severely damaged.
You hit the gargoyle but do no damage.
The gargoyle is severely damaged.
The gargoyle is struck by lightning.
The gargoyle hurls a stone arrow at you.
The stone arrow hits you!!
You die...

...#...........##
................##
..#..........##..# ####
#..#....:....###.##.....
##.#..........##..#...#.
#............#.<.......
##...........#..>......
#...........#..°...P..
#...........)(@9.((...
#...........†...(.....
#.....................
#.............####....
#...).........# ....
##..#.......[.####....
#.###.......#..... .
#.................
####>...<.........


You could see a gargoyle.

Vanquished Creatures
  4 two-headed ogres
  A cyclops (D:10)
  Maurice (D:10)
  A troll (D:10)
  A hornet (D:10)
  2 shadows
  A wyvern (D:7)
  5 wraiths
  17 yaks
  A steam dragon (D:8)
  3 vampire mosquitoes (D:10)
  Duvessa (D:5)
  2 acid dragons (D:10)
  2 water moccasins
  A black bear (D:10)
  2 orc warriors (D:10)
  A sky beast (D:6)
  3 centaurs
  8 ogres
  A phantom (D:5)
  9 bullfrogs
  3 kobold brigands
  A necrophage (D:8)
  Dowan (D:5)
  3 scorpions
  4 wights (D:8)
  3 killer bees (D:9)
  3 howler monkeys
  3 jellies
  2 gnoll boudas
  A hound (D:2)
  4 orc priests
  4 iguanas
  6 orc wizards
  Robin (D:2)
  14 gnolls
  5 adders
  4 shadow imps
  A white imp (D:5)
  An ufetubus (D:6)
  16 orcs
  10 ball pythons
  3 bats
  10 endoplasms
  A giant cockroach (D:3)
  17 goblins
  15 hobgoblins
  18 kobolds
  4 quokkas
  3 frilled lizards
  5 rats
233 creatures vanquished.

Vanquished Creatures (others)
  41 fungi (D:11)
  61 plants (D:11)
102 creatures vanquished.

Grand Total: 335 creatures vanquished

Notes
Turn   | Place    | Note
-------+----------+-------------------------------------------
     0 | D:1      | jlumianski the Demonspawn Fighter began the quest for the
                  | Orb.
     0 | D:1      | Reached XP level 1. HP: 18/18 MP: 1/1
   222 | D:1      | Gained mutation: When seriously injured, your blood forms
                  | armour. (AC +12) [demonic ancestry]
   222 | D:1      | Reached XP level 2. HP: 23/24 MP: 2/2
   621 | D:1      | Reached skill level 2 in Axes
  1062 | D:2      | Reached XP level 3. HP: 21/29 MP: 3/3
  1914 | D:2      | Gained mutation: When seriously injured, your blood forms
                  | thick armour. (AC +12) [demonic ancestry]
  1914 | D:2      | Reached XP level 4. HP: 29/35 MP: 4/4
  2012 | D:3      | Found a blossoming altar of Fedhas.
  2341 | D:3      | Reached skill level 3 in Axes
  2341 | D:3      | Gained mutation: When seriously injured, your blood forms
                  | very thick armour. (AC +12) [demonic ancestry]
  2341 | D:3      | Reached XP level 5. HP: 41/41 MP: 5/5
  2370 | D:3      | Found a shimmering blue altar of Sif Muna.
  2540 | D:3      | Noticed Robin
  2597 | D:2      | Killed Robin
  3392 | D:4      | Found a snail-covered altar of Cheibriados.
  3484 | D:5      | Entered Level 5 of the Dungeon
  3690 | D:5      | Reached skill level 4 in Axes
  3690 | D:5      | Reached XP level 6. HP: 45/48 MP: 6/6
  4078 | D:5      | Noticed Duvessa
  4080 | D:5      | Noticed Dowan
  4184 | D:5      | Killed Dowan
  4188 | D:5      | HP: 1/48 [Duvessa/+0 short sword (5)]
  4193 | D:5      | Killed Duvessa
  4305 | D:5      | Gained mutation: You regenerate magic rapidly. [demonic
                  | ancestry]
  4305 | D:5      | Reached XP level 7. HP: 55/55 MP: 7/7
  4407 | D:5      | Found a staircase to the Ecumenical Temple.
  4423 | Temple   | Entered the Ecumenical Temple
  4430 | Temple   | Became a worshipper of Qazlal Stormbringer
  4520 | D:5      | Reached skill level 5 in Fighting
  4521 | D:5      | Noticed a two-headed ogre
  4754 | D:6      | Reached skill level 5 in Axes
  5120 | D:7      | Reached XP level 8. HP: 36/63 MP: 8/8
  5324 | D:7      | Reached skill level 6 in Axes
  5444 | D:7      | Reached skill level 5 in Armour
  5459 | D:7      | Reached skill level 7 in Axes
  5676 | D:7      | Reached XP level 9. HP: 46/72 MP: 9/9
  5680 | D:7      | Reached * piety under Qazlal
  6068 | D:5      | Killed a two-headed ogre
  6069 | D:5      | Reached skill level 8 in Axes
  6644 | D:5      | Reached skill level 5 in Shields
  6877 | D:6      | Reached skill level 1 in Throwing
  7263 | D:7      | Gained mutation: You have a pair of small antennae on your
                  | head. [demonic ancestry]
  7263 | D:7      | Reached XP level 10. HP: 59/80 MP: 10/10
  7339 | D:7      | Reached ** piety under Qazlal
  7460 | D:7      | Reached skill level 9 in Axes
  7472 | D:7      | Identified the +4 war axe of the Green God {speed, rC+
                  | Str+5}
  7676 | D:7      | Found an ornate altar of the Wu Jian Council.
  7807 | D:8      | Found Kafom's Antique Weapon Shoppe.
  7937 | D:8      | Noticed an orange crystal statue
  8155 | D:9      | Noticed a two-headed ogre
  8168 | D:9      | Killed a two-headed ogre
  8169 | D:9      | Reached skill level 1 in Invocations
  8381 | D:10     | Entered Level 10 of the Dungeon
  8455 | D:10     | Found an ancient bone altar of Kikubaaqudgha.
  8458 | D:10     | Found a hide-covered altar of Uskayaw.
  8984 | D:10     | Found a basalt altar of Yredelemnul.
  9022 | D:10     | Noticed a cyclops
  9028 | D:10     | Paralysed by a hornet for 1 turns
  9037 | D:10     | Reached skill level 10 in Axes
  9046 | D:10     | Killed a cyclops
  9322 | D:10     | Reached *** piety under Qazlal
  9332 | D:10     | Noticed Maurice
  9373 | D:10     | Killed Maurice
  9374 | D:10     | Reached XP level 11. HP: 57/89 MP: 12/14
  9534 | D:10     | Found a radiant altar of Vehumet.
  9640 | D:10     | Noticed a two-headed ogre
  9655 | D:10     | Killed a two-headed ogre
  9844 | D:10     | Found Idwyrchup's Antique Armour Emporium.
  9847 | D:10     | Bought a glowing hat for 182 gold pieces
 10086 | D:12     | Noticed a two-headed ogre
 10145 | D:10     | Reached skill level 5 in Invocations
 10302 | D:10     | Reached skill level 11 in Axes
 10503 | D:11     | Noticed a two-headed ogre
 10518 | D:11     | Killed a two-headed ogre
 10519 | D:11     | Reached skill level 10 in Fighting
 10548 | D:11     | Killed from afar by a gargoyle

Illustrated notes

Levels and vault maps discovered:
D:1:      dpeg_arrival_stone_temple_mockup, layout_loops_corners
D:2:      layout_loops_corners
D:3:      layout_basic, mainiacjoe_overflow_alcove_1,
          mainiacjoe_overflow_concentric_impassable, grunt_ministairs_13,
          uniq_robin
D:4:      layout_basic, lemuel_crystal_altar, serial_rivers,
          chequers_serial_rivers_room_b, chequers_serial_rivers_micro_a,
          chequers_serial_rivers_small_b, chequers_serial_rivers_room_b,
          chequers_serial_rivers_small_3, chequers_serial_rivers_small_a,
          hangedman_abyss_or_decor_lesser_grid, minmay_hedge_maze
D:5:      layout_basic, minmay_temple_entry_ruins, minmay_manual_mandibuliform,
          uniq_duvessa
D:6:      layout_basic
D:7:      layout_rooms, nzn_wu_jian_council_hall
D:8:      minmay_statue_hallways, layout_rooms, serial_shops, kennysheep_mini
D:9:      layout_rooms, serial_rivers, chequers_serial_rivers_large_b,
          chequers_serial_rivers_room_b, chequers_serial_rivers_micro_a,
          chequers_serial_rivers_micro_b
D:10:     layout_rooms, old_standard_altar, lemuel_doored_altar,
          mainiacjoe_overflow_large_starburst, mainiacjoe_overflow_24_doors,
          serial_shops, kennysheep_mini_moat, lightli_fourway_metalbox,
          uniq_maurice
D:11:     layout_rooms, due_lair_maze_entry_diamond, uniq_lodul, uniq_sonja
D:12:     layout_stronghold, david_orc_4, grunt_gozag_statues
Temple:   nicolae_temple_bog_church

Skill      XL: |  1  2  3  4  5  6  7  8  9 10 11 |
---------------+----------------------------------+-----
Shields        | 3 4 5 6 |  6.1
Armour         | 3 4 5 6 |  6.9
Axes           | 2 3 4 5 7 8 10 11 | 11.1
Fighting       | 4 5 7 8 9 10 | 10.1
Throwing       | 1 |  1.9
Invocations    | 4 5 |  5.9
Dodging        | |  0.4

Action                   |  1- 3 |  4- 6 |  7- 9 | 10-12 || total
-------------------------+-------+-------+-------+-------++-------
Melee: War axe           |   119 |   168 |   274 |   250 ||   811
Throw: Stone             |     4 |     2 |       |       ||     6
       Dart              |       |     4 |    14 |    10 ||    28
Invok: Upheaval          |       |       |       |     2 ||     2
  Use: Potion            |       |     3 |       |       ||     3
       Scroll            |       |    11 |     5 |     6 ||    22
Armor: Scale mail        |    22 |       |       |       ||    22
       Plate armour      |    53 |   157 |   241 |   153 ||   604
Dodge: Dodged            |    58 |    47 |   100 |    59 ||   264
Block: Buckler           |    30 |    49 |   110 |   129 ||   318

Table legend: (Time is in decaauts)
 A = Elapsed time spent in this place.
 B = Non-inter-level travel time spent in this place.
 C = Inter-level travel time spent in this place.
 D = Time resting spent in this place.
 E = Time spent auto-exploring this place.
 F = Levels seen in this place.
 G = Mean time per level.
                   A        B        C        D        E       F      G
               +--------+--------+--------+--------+--------+-----+--------+
         Total |  10753 |  10590 |    163 |   1638 |   5129 |  13 |  827.2 |
       Dungeon |  10331 |  10168 |    163 |   1242 |   5129 |  12 |  860.9 |
        Temple |    422 |    422 |      0 |    396 |      0 |   1 |  422.0 |
               +--------+--------+--------+--------+--------+-----+--------+

Top non-repeatable levels by time:
    D:10: 1469 daAuts
     D:7: 1323 daAuts
     D:4: 1249 daAuts
     D:2: 1143 daAuts
     D:5: 1132 daAuts
     D:1: 1002 daAuts
     D:3: 862 daAuts
     D:9: 830 daAuts
     D:6: 610 daAuts
     D:8: 530 daAuts
  Temple: 422 daAuts
    D:11: 173 daAuts
    D:12: 1 daAuts
